 Dungeon Crawl Stone Soup version 0.30-a0-739-gea05faddec (webtiles) character file.

Game seed: 18131043346620589892

295 karrick the Chopper (level 6, -2/38 HPs)
             Began as a Gargoyle Fighter on Feb 5, 2023.
             Slain by an orc
             ... wielding a +0 flail
              (3 damage)
             ... on level 4 of the Dungeon.
             The game lasted 00:02:36 (2705 turns).

karrick the Chopper (Gargoyle Fighter)              Turns: 2705, Time: 00:02:36

Health: -2/38      AC: 11    Str: 19    XL:     6   Next: 34%
Magic:  6/6        EV:  9    Int:  9    God:
Gold:   169        SH:  4    Dex: 11    Spells: 5/5 levels left

rFire   . . .      SeeInvis .    a - +0 war axe
rCold   . . .      Faith    .    c - +0 buckler
rNeg    + . .      Spirit   .    b - +0 scale mail
rPois   ∞          Reflect  .    (no helmet)
rElec   +          Harm     .    (no cloak)
rCorr   .          Rampage  .    (no gloves)
Will    .....                    (no boots) Stlth
                                 (no amulet)
HPRegen 0.26/turn                (no ring)
MPRegen 0.10/turn                (no ring)

@: no status effects
A: sickness immunity, AC +4, negative energy resistance 1, electricity
resistance, torment resistance 1, petrification resistance
a: no special abilities


You were on level 4 of the Dungeon.
You visited 1 branch of the dungeon, and saw 4 of its levels.

You collected 199 gold pieces.
You spent 30 gold pieces at shops.

Inventory:

Hand Weapons
 a - a +0 war axe (weapon)
Armour
 b - a +0 scale mail (worn)
 c - a +0 buckler (worn)
Jewellery
 n - a ring of magical power
Scrolls
 e - a scroll of magic mapping {unknown}
 f - 4 scrolls of identify {unknown}
 h - a scroll of blinking {unknown}
 i - 5 scrolls of teleportation
 o - a scroll of poison {unknown}
 p - a scroll of noise {unknown}
 q - a scroll of brand weapon {unknown}
 r - a scroll of fear {unknown}
Potions
 d - 2 potions of might
 g - a potion of mutation {unknown}
 j - a potion of degeneration {unknown}
 k - 3 potions of lignification {unknown}
 l - 2 potions of invisibility
 m - 3 potions of brilliance {unknown}


   Skills:
 + Level 4.1 Fighting
 + Level 4.5 Axes
 + Level 4.5 Armour
 + Level 0.1 Stealth
 + Level 3.8 Shields


You had 5 spell levels left.
You didn't know any spells.
Your spell library contained the following spells:

 Spells                   Type           Power      Damage    Failure   Level
 Ignite Poison            Fire/Tmut/Pois 0%         N/A       99%         3
 Sticky Flame             Conj/Fire      0%         2d3       100%        4
 Ignition                 Fire           0%         3d3       100%        8


Dungeon Overview and Level Annotations

Branches:
Dungeon (4/15)
 Temple: D:4-7

Altars:

Shops:
D:4 ?


Innate Abilities, Weirdness & Mutations

You are immune to sickness and miasma.
Your stone body is resilient. (AC +4)
You are immune to poison.
You resist negative energy. (rN+)
You are resistant to electric shocks. (rElec)
You are resistant to unholy torment.
You are immune to petrification.


Message History

You closely miss the orc wizard.
The orc wizard is almost dead.
You closely miss the orc priest.
The orc shouts!
The orc wizard hits you but does no damage.
The orc priest calls down the wrath of Beogh upon you.
Beogh smites you!
You barely miss the orc wizard.
The orc wizard is almost dead.
You slash the orc priest!
You kill the orc priest!
The orc drinks a potion.
The orc flickers and vanishes!
Deactivating autopickup; reactivate with Ctrl-A.
The orc wizard points at you and mumbles some strange words.
The magic dart hits you!
You are too injured to fight recklessly!
You are too injured to fight recklessly!
You are too injured to fight recklessly!
You are too injured to fight recklessly!
You are too injured to fight recklessly!
You are too injured to fight recklessly!
You are too injured to fight recklessly!
You are too injured to fight recklessly!
You are too injured to fight recklessly!
You are too injured to fight recklessly!
You closely miss the orc wizard.
The orc wizard is almost dead.
The orc wizard gestures at you while chanting.
The magic dart hits you!
* * * LOW HITPOINT WARNING * * *
You hit the orc wizard but do no damage.
The orc wizard is almost dead.
The orc wizard gestures at you while chanting.
You resist with some effort.
The orc wizard hits you but does no damage.
Something hits you!
* * * LOW HITPOINT WARNING * * *
You hit something but do no damage. You barely miss the orc wizard.
Something hits you.
You die...

##############
#............#
#.##########.# # #.# #.#
.# #.# #.# .. #.##
##.#####.#.#
...########.....@{...#
.#.......##..#..o)......
...#####.##..#.###.#.###
#.## #..#.# .# # #.#
#..#.# # #.# #..#.# #.#
.....# #.# #..### #.#


You could see an orc wizard.

Vanquished Creatures
  A phantom (D:4)
  A scorpion (D:3)
  An orc priest (D:4)
  Terence (D:2)
  3 adders
  A worm (D:3)
  A dart slug (D:2)
  8 orcs
  4 endoplasms
  A giant cockroach (D:2)
  5 goblins
  6 hobgoblins
  6 jackals (D:2)
  4 quokkas
  10 ball pythons
  4 bats
  2 frilled lizards
  2 kobolds (D:2)
  4 rats
65 creatures vanquished.

Notes
Turn   | Place    | Note
-------+----------+-------------------------------------------
     0 | D:1      | karrick the Gargoyle Fighter began the quest for the Orb.
     0 | D:1      | Reached XP level 1. HP: 14/14 MP: 1/1
   356 | D:1      | Reached XP level 2. HP: 11/19 MP: 2/2
  1062 | D:2      | Reached XP level 3. HP: 19/23 MP: 3/3
  1341 | D:2      | Noticed Terence
  1354 | D:2      | Killed Terence
  1355 | D:2      | Reached XP level 4. HP: 29/29 MP: 4/4
  1576 | D:3      | Noticed a scorpion
  1589 | D:3      | Killed a scorpion
  1590 | D:3      | Reached XP level 5. HP: 14/33 MP: 5/5
  2557 | D:4      | Noticed a phantom
  2581 | D:4      | Killed a phantom
  2582 | D:4      | Reached XP level 6. HP: 27/38 MP: 6/6
  2641 | D:4      | Found Iczicitiqi's Magic Scroll Emporium.
  2650 | D:4      | Bought a scroll of teleportation for 30 gold pieces
  2704 | D:4      | HP: 1/38 [something (7)]
  2705 | D:4      | Slain by an orc

Illustrated notes

Levels and vault maps discovered:
D:1:      minmay_arrival_loop, layout_loops_corners, hex_large,
          minmay_pentomino_p4
D:2:      layout_rooms, minmay_tree_intersection, palyth_stone_intersect,
          uniq_terence
D:3:      layout_basic
D:4:      layout_loops_ring, serial_shops, shop

Skill      XL: |  1  2  3  4  5 |
---------------+----------------+-----
Axes           | 2 3 4 |  4.5
Armour         | 4 |  4.5
Fighting       | 4 |  4.1
Stealth        | |  0.1
Shields        | |  3.8

Action                     |  1- 3 |  4- 6 || total
---------------------------+-------+-------++-------
  Melee: War axe           |   112 |   111 ||   223
 Armour: Scale mail        |    72 |    68 ||   140
  Dodge: Dodged            |    63 |    57 ||   120
  Block: Buckler           |    27 |    15 ||    42

Table legend: (Time is in decaauts)
 A = Elapsed time spent in this place.
 B = Non-inter-level travel time spent in this place.
 C = Inter-level travel time spent in this place.
 D = Time resting spent in this place.
 E = Time spent auto-exploring this place.
 F = Levels seen in this place.
 G = Mean time per level.
                   A        B        C        D        E       F      G
               +--------+--------+--------+--------+--------+-----+--------+
         Total |   2792 |   2749 |     43 |      0 |   2258 |   4 |  698.0 |
       Dungeon |   2792 |   2749 |     43 |      0 |   2258 |   4 |  698.0 |
               +--------+--------+--------+--------+--------+-----+--------+

Top non-repeatable levels by time:
     D:1: 1041 daAuts
     D:3: 1041 daAuts
     D:2: 513 daAuts
     D:4: 195 daAuts
